 Dungeon Crawl Stone Soup version 0.31-a0-176-g91f28db67f (webtiles) character file.

Game seed: 10853967848812725559

37 qw the Shooter (level 3, -3/25 (32) HPs)
             Began as a Naga Hunter on June 17, 2023.
             Slain by Terence
             ... wielding a +1 short sword of draining
              (6 damage)
             ... on level 2 of the Dungeon.
             The game lasted 00:00:18 (742 turns).

qw the Shooter (Naga Hunter)                         Turns: 742, Time: 00:00:19

HP:   -3/25 (32)    AC:  2    Str: 13    XL:     3   Next: 41%
MP:   3/3           EV:  9    Int:  9    God:
Gold: 45            SH:  0    Dex: 16    Spells: 2/2 levels left

rFire   . . .        Y - +0 shortbow
rCold   . . .        (shield currently unavailable)
rNeg    . . .        c - +0 leather armour
rPois   +            (no helmet)
rElec   .            (no cloak)
rCorr   .            (no gloves)
SInv    +            (no barding)
Will    .....        (no amulet)
Stlth   ++           (no ring)
HPRegen 0.24/turn    (no ring)
MPRegen 0.08/turn

%: no passive effects
@: about to teleport, short of breath, heavily drained, very slow
A: AC +1, large, see invisible, deformed body, poison resistance, slowness 2,
spit poison 1, naga tail 1
a: Spit Poison


You were on level 2 of the Dungeon.
You visited 1 branch of the dungeon, and saw 2 of its levels.

You collected 45 gold pieces.


Innate Abilities, Weirdness & Mutations

Your serpentine skin is tough. (AC +1)
You have supernaturally acute eyesight. (SInv)
Armour fits poorly on your strangely shaped body.
Your system is resistant to poisons. (rPois)
You cover ground very slowly.
You can spit poison.
You have a snake-like lower body.


   Skills:
 - Level 2.0 Fighting
 + Level 4.7 Ranged Weapons
 - Level 1.5 Dodging
 - Level 1.5 Stealth


You had 2 spell levels left.
You didn't know any spells.
Your spell library was empty.

Inventory:

Hand Weapons
 Y - a +0 shortbow (weapon)
Armour
 c - a +0 leather armour (worn)
Scrolls
 a - 2 scrolls of identify
 d - 4 scrolls of poison {unknown}
Potions
 b - a potion of enlightenment {unknown}
 f - a potion of cancellation {unknown}
 g - a potion of might {unknown}

Dungeon Overview and Level Annotations

Branches:
Dungeon (2/15)

Altars:

Shops:
D:1 *

Annotations:
D:2 Terence


Message History

The splash of poison hits Terence but does no damage.
Terence shouts!
You shoot an arrow.
The arrow hits Terence but does no damage.
You shoot an arrow. The arrow closely misses Terence.
Terence hits you with a +1 short sword of draining.
You feel drained.
A giant cockroach comes into view.
You shoot an arrow. The arrow hits Terence!
Terence is moderately wounded.
Terence shouts, "Now you die!" Terence closely misses you.
You shoot an arrow. The arrow hits Terence.
Terence is heavily wounded.
Terence hits you with a +1 short sword of draining!
You feel drained.
Terence hits you with a +1 short sword of draining.
You feel drained.
You shoot an arrow. The arrow hits Terence.
Terence is almost dead.
You have got your breath back.
Terence hits you with a +1 short sword of draining.
You feel drained.
740 ||| READING scroll of teleportation.
As you read the scroll of teleportation, it crumbles to dust.
You feel strangely unstable.
Terence hits you with a +1 short sword of draining.
You feel drained. The giant cockroach closely misses you.
741 ||| INVOKING Spit Poison.
Aiming: Spit Poison (2% risk of failure)
Press: ? - help, Shift-Dir - straight line, f/p - Terence The splash of poison hits Terence but does no damage.
Terence is poisoned.
Terence is almost dead.
The giant cockroach closely misses you. Terence closely misses you.
You shoot an arrow. The arrow hits Terence.
Terence is almost dead.
The giant cockroach barely misses you.
Terence hits you with a +1 short sword of draining.
You die...

...........#+#..
..<..........#.#
.............#.#
...#.###.#...#)###
##.#.# #.#..##.#..
.#.#.###.#.....#<#
.#.#.....#....##.# #
.#?#######....##.###...#
.#.. ........'.@....#
.#.. ####....##@B......
.# #....##...###?. ##
#....#..### #....#.#.
###.##. . #. #. .. #. #.
..


You could see Terence (poisoned) and a giant cockroach.

Vanquished Creatures
  A gnoll (D:1)
  A dart slug (D:1)
  A bat (D:2)
  5 endoplasms
  3 goblins (D:1)
  3 hobgoblins (D:1)
  2 jackals (D:1)
  A kobold (D:1)
  A frilled lizard (D:1)
  5 rats
23 creatures vanquished.

Notes
Turn   | Place    | Note
-------+----------+-------------------------------------------
     0 | D:1      | qw the Naga Hunter began the quest for the Orb.
     0 | D:1      | Reached XP level 1. HP: 19/19 MP: 1/1
     0 | D:1      | 0 ||| qw: Version: 0.3-a-5-g6f28e65
     0 | D:1      | 0 ||| qw: Game counter: 478
     0 | D:1      | 0 ||| qw: Always use a shield: true
     0 | D:1      | 0 ||| qw: God list: Okawaru
     0 | D:1      | 0 ||| qw: Allow faded altars: false
     0 | D:1      | 0 ||| qw: Do Orc after D:15 true
     0 | D:1      | 0 ||| qw: Do second Lair branch before Depths: true
     0 | D:1      | 0 ||| qw: Lair rune preference: random
     0 | D:1      | 0 ||| qw: Plans: Normal
     0 | D:1      | 0 ||| PLANNING D:1-11
     6 | D:1      | Noticed a black bear
     6 | D:1      | Noticed a snapping turtle
     7 | D:1      | Noticed a wyvern
     7 | D:1      | Noticed a killer bee
    51 | D:1      | 51 ||| INVOKING Spit Poison.
    54 | D:1      | 54 ||| INVOKING Spit Poison.
   109 | D:1      | 109 ||| INVOKING Spit Poison.
   114 | D:1      | 114 ||| INVOKING Spit Poison.
   115 | D:1      | Reached skill level 4 in Ranged Weapons
   115 | D:1      | Reached XP level 2. HP: 26/26 MP: 2/2
   120 | D:1      | Found Ifrif's General Store.
   127 | D:1      | 127 ||| SHOPLISTING potion of curing (36 gold, have 23).
   127 | D:1      | 127 ||| SHOPLISTING potion of heal wounds (60 gold, have
                  | 23).
   127 | D:1      | 127 ||| SHOPLISTING scroll of enchant weapon (90 gold, have
                  | 23).
   127 | D:1      | 127 ||| SHOPLISTING scroll of identify (24 gold, have 23).
   132 | D:1      | 132 ||| INVOKING Spit Poison.
   156 | D:1      | 156 ||| INVOKING Spit Poison.
   260 | D:1      | 260 ||| INVOKING Spit Poison.
   265 | D:1      | 265 ||| INVOKING Spit Poison.
   296 | D:1      | 296 ||| INVOKING Spit Poison.
   336 | D:1      | 336 ||| INVOKING Spit Poison.
   347 | D:1      | 347 ||| INVOKING Spit Poison.
   366 | D:1      | 366 ||| INVOKING Spit Poison.
   370 | D:1      | 370 ||| INVOKING Spit Poison.
   371 | D:1      | Reached XP level 3. HP: 30/32 MP: 3/3
   379 | D:1      | 379 ||| INVOKING Spit Poison.
   562 | D:1      | 562 ||| READING 2 scrolls labelled KATTOLUROT.
   563 | D:1      | 563 ||| READING 2 scrolls labelled REOTZU SORGH.
   566 | D:1      | 566 ||| READING 2 scrolls labelled FIHAWNISAT.
   567 | D:1      | 567 ||| DROPPING scroll of butterflies.
   568 | D:1      | 568 ||| DROPPING scroll of vulnerability.
   596 | D:2      | 596 ||| INVOKING Spit Poison.
   622 | D:2      | 622 ||| INVOKING Spit Poison.
   733 | D:2      | Noticed Terence
   734 | D:2      | 734 ||| INVOKING Spit Poison.
   739 | D:2      | HP: 4/28 [Terence/+1 short sword of draining (6)]
   740 | D:2      | 740 ||| READING scroll of teleportation.
   741 | D:2      | 741 ||| INVOKING Spit Poison.
   742 | D:2      | Slain by Terence

Levels and vault maps discovered:
D:1:      onia_arrival_zoo_common, layout_loops_ring, serial_shops, shop,
          nicolae_grassy_gnolls
D:2:      layout_basic, shapermc_ecumenical_altar_notcrosses, basic_altar,
          serial_rivers, chequers_serial_rivers_small_b,
          chequers_serial_rivers_small_a, chequers_serial_rivers_large_a,
          chequers_serial_rivers_room_a, uniq_crazy_yiuf_cottage, uniq_terence

Skill      XL: |  1 |
---------------+----+-----
Ranged Weapons | 4 |  4.7
Fighting       | |  2.0
Dodging        | |  1.5
Stealth        | |  1.5

Action                     || total
---------------------------++-------
   Fire: Shortbow          ||    40
Ability: Spit Poison       ||    18
    Use: Scroll            ||     4
 Armour: Leather armour    ||     2
  Dodge: Dodged            ||    10

Table legend:
 A = Non-vault XP
 B = Vault XP
 C = Vault XP percentage of total XP
 D = Non-vault monster count
 E = Vault monster count
 F = Vault count percentage of total count
                 A         B        C        D         E       F
            +---------+---------+-------+---------+---------+-------
      Total |      40 |      14 |  25.9 |      22 |       1 |   4.3
            +---------+---------+-------+---------+---------+-------
        D:1 |      35 |      14 |  28.6 |      19 |       1 |   5.0
        D:2 |       5 |       0 |   0.0 |       3 |       0 |   0.0
            +---------+---------+-------+---------+---------+-------
